 Dungeon Crawl Stone Soup version 0.29-a0-275-g389c0b56f3 (webtiles) character file.

Game seed: 4787669216931864974

1170 HotDog the Slasher (level 8, -2/70 HPs)
             Began as a Minotaur Fighter on Mar 11, 2022.
             Succumbed to a water moccasin's poison
             ... on level 6 of the Dungeon.
             The game lasted 00:05:06 (5690 turns).

HotDog the Slasher (Minotaur Fighter)               Turns: 5690, Time: 00:05:06

Health: -2/70      AC: 11    Str: 21 (23) XL:     8   Next: 17%
Magic:  8/8        EV: 10    Int:  3 (5)  God:
Gold:   214        SH:  5    Dex:  9 (12) Spells: 7/7 levels left

rFire   . . .      SeeInvis .   a - +1 long sword
rCold   . . .      Faith    .   c - +1 buckler
rNeg    . . .      Spirit   .   b - +0 scale mail
rPois   .          Reflect  .   (helmet restricted)
rElec   .          Harm     .   (no cloak)
rCorr   .          Rampage  .   (no gloves)
Will    .....                   h - +2 pair of boots
Stlth   ..........              (no amulet)
HPRegen 0.21/turn               (no ring)
MPRegen 0.11/turn               (no ring)

@: lethally poisoned (-2 -> -23)
A: horns 2, retaliatory headbutt, claws 1, agile 1, low MP 1, wild magic 1
a: no special abilities


You were on level 6 of the Dungeon.
You visited 1 branch of the dungeon, and saw 5 of its levels.

You collected 214 gold pieces.

Inventory:

Hand Weapons
 a - a +1 long sword (weapon)
Armour
 b - a +0 scale mail (worn)
 c - a +1 buckler (worn)
 d - a +0 tower shield
 h - a +2 pair of boots (worn)
Jewellery
 g - a +6 ring of intelligence
Wands
 p - a wand of flame (23)
 r - a wand of digging (1)
Scrolls
 f - 2 scrolls of blinking
 i - a scroll of identify
 j - 3 scrolls of vulnerability
 k - 3 scrolls of teleportation


   Skills:
 * Level 5.7 Fighting
 * Level 7.0 Long Blades
 * Level 6.8 Armour
 * Level 2.7 Dodging
 * Level 5.1 Shields
 * Level 2.7 Invocations


You had 7 spell levels left.
You didn't know any spells.
Your spell library contained the following spells:

 Spells                   Type           Power      Damage    Failure   Level
 Summon Guardian Golem    Hex/Summ       0%         N/A       100%        3
 Orb of Destruction       Conj           0%         9d5       100%        7
 Spellforged Servitor     Conj/Summ      0%         N/A       100%        7


Dungeon Overview and Level Annotations

Branches:
Dungeon (6/15)             Temple (0/1) D:5

Altars:
Fedhas
Hepliaklqana


Innate Abilities, Weirdness & Mutations

You have a pair of horns on your head.
You reflexively headbutt those who attack you in melee.
You have sharp fingernails.
You are agile. (Dex +2)
Your magical capacity is low. (-10% MP)
Your spells are a little harder to cast, but a little more powerful.


Message History

Your headbutt misses the water moccasin.
The water moccasin is moderately wounded.
You feel sick.
The water moccasin bites you but does no damage.
The water moccasin closely misses you.
You barely miss the water moccasin.
Your headbutt misses the water moccasin.
The water moccasin is moderately wounded.
You feel sick.
The water moccasin bites you but does no damage.
You slash the water moccasin!
The water moccasin is heavily wounded.
You feel sick. You block the water moccasin's attack.
The water moccasin bites you.
You closely miss the water moccasin.
The water moccasin is heavily wounded.
You feel sick. The water moccasin bites you.
* * * LOW HITPOINT WARNING * * *
You are more poisoned.
The water moccasin poisons you!
You miss the water moccasin.
Your headbutt misses the water moccasin.
The water moccasin is heavily wounded.
You feel very sick.
The water moccasin bites you but does no damage. x2
You slash the water moccasin!
The water moccasin is almost dead.
You feel sick. The water moccasin barely misses you.
You barely miss the water moccasin.
Your headbutt misses the water moccasin.
The water moccasin is almost dead.
You feel sick. The water moccasin bites you.
* * * LOW HITPOINT WARNING * * *
The water moccasin bites you.
* * * LOW HITPOINT WARNING * * *
You are more poisoned.
The water moccasin poisons you!
You slash the water moccasin!
You kill the water moccasin!
You die...

,.....,,*******,*#.#.*##..,,,****
......,,* *,**...*...,,,,,,,,
......,,* *,*##..,..#,*******
#####.*,* *,,,...,..#,,,,,,,,
#.*,* *****..,..*,#######
***,*,*** *#.#.#*,#..<(..
*,,,,,,,* #...#*,#######
***,,,,,,,* #######..#*,*
,,,,,,,,,,* #.@..))..#*,*
,,,,,,,,,** #.#####.)#*,*
,,,,,,,,** #.# ##.#*,* ,,,,,,,,*
#.# *.#*,* *****,*,* #.#
*..*,***** *,*,* #.# *#..,,,,,*
*,*,* #.# *,...,,,,* *****,*,*
#)# *,.S..,,,* ,,,,,,*,* #.#
*,.....,,*


There were no monsters in sight!

Vanquished Creatures
  Eustachio (D:4)
  Menkaure (D:4)
  Edmund (D:4)
  A water moccasin (D:6)
  An ogre (D:4)
  A phantom (D:5)
  2 scorpions (D:5)
  A killer bee (D:4)
  5 hounds
  An orc priest (D:6)
  An iguana (D:5)
  Ijyb (D:4)
  2 orc wizards
  8 gnolls
  An adder (D:4)
  A shadow imp (D:6)
  A white imp (D:4)
  4 worms
  2 dart slugs
  8 orcs
  2 ball pythons
  4 endoplasms
  3 giant cockroaches (D:1)
  6 goblins
  5 hobgoblins
  A quokka (D:1)
  7 bats (D:1)
  4 kobolds
  3 rats
79 creatures vanquished.

Vanquished Creatures (others)
  An adder (D:6)
  A plant (D:1)
2 creatures vanquished.

Grand Total: 81 creatures vanquished

Notes
Turn   | Place    | Note
-------+----------+-------------------------------------------
     0 | D:1      | HotDog the Minotaur Fighter began the quest for the Orb.
     0 | D:1      | Reached XP level 1. HP: 19/19 MP: 0/0
   220 | D:1      | Reached XP level 2. HP: 27/27 MP: 1/1
   749 | D:1      | Found a faded altar of an unknown god.
  1001 | D:2      | Reached XP level 3. HP: 30/33 MP: 2/2
  1151 | D:2      | You fall into a shaft and drop 2 floors!
  1181 | D:4      | Noticed Edmund
  1192 | D:4      | Killed Edmund
  1193 | D:4      | Reached skill level 4 in Long Blades
  1193 | D:4      | Reached skill level 1 in Dodging
  1193 | D:4      | Reached skill level 1 in Invocations
  1193 | D:4      | Reached XP level 4. HP: 32/41 MP: 3/3
  1193 | D:4      | Reached XP level 5. HP: 37/47 MP: 4/4
  1674 | D:4      | Noticed Eustachio
  1686 | D:4      | Killed Eustachio
  1687 | D:4      | Reached skill level 5 in Long Blades
  1687 | D:4      | Reached XP level 6. HP: 19/55 MP: 6/6
  1868 | D:4      | Reached skill level 5 in Armour
  2678 | D:4      | Noticed Ijyb
  2698 | D:4      | Killed Ijyb
  2877 | D:4      | Found a blossoming altar of Fedhas.
  2910 | D:4      | Noticed Menkaure
  2917 | D:4      | Killed Menkaure
  2918 | D:4      | Reached skill level 5 in Fighting
  2918 | D:4      | Reached XP level 7. HP: 51/61 MP: 7/7
  2992 | D:4      | Reached skill level 6 in Long Blades
  3390 | D:5      | Entered Level 5 of the Dungeon
  3702 | D:5      | Reached skill level 5 in Shields
  4023 | D:5      | Reached XP level 8. HP: 16/69 MP: 8/8
  4381 | D:5      | Found a staircase to the Ecumenical Temple.
  4754 | D:5      | Found a hazy altar of Hepliaklqana.
  5513 | D:6      | Gained mutation: You are agile. (Dex +2) [potion of
                  | mutation]
  5513 | D:6      | Gained mutation: Your spells are a little harder to cast,
                  | but a little more powerful. [potion of mutation]
  5513 | D:6      | Gained mutation: Your magical capacity is low. (-10% MP)
                  | [potion of mutation]
  5513 | D:6      | Gained mutation: You have sharp fingernails. [potion of
                  | mutation]
  5521 | D:6      | HP: 3/70 [orc priest/divine providence (11)]
  5543 | D:6      | Reached skill level 7 in Long Blades
  5689 | D:6      | HP: 3/70 [water moccasin (3)]
  5690 | D:6      | Succumbed to a water moccasin's poison

Illustrated notes

Levels and vault maps discovered:
D:1:      dpeg_arrival_yet_another_circle, layout_loops_ring,
          shapermc_ecumenical_altar_flowoftime
D:2:      layout_rooms, moated_statue, eino_tiny_chamber
D:4:      layout_basic, nicolae_overflow_crystal_walls, solitary_fountain,
          grunt_decor_fettered, minmay_circle_x, uniq_menkaure, uniq_ijyb,
          uniq_edmund, uniq_eustachio
D:5:      layout_basic, nicolae_hepliaklqana_hippocampus,
          minmay_temple_entry_trees, hangedman_decor_diamond_cutter
D:6:      layout_basic

Skill      XL: |  1  2  3  4  5  6  7  8 |
---------------+-------------------------+-----
Fighting       | 4 5 |  5.7
Armour         | 4 5 6 |  6.8
Long Blades    | 4 5 6 7 |  7.0
Dodging        | 1 2 |  2.7
Shields        | 4 5 |  5.1
Invocations    | 1 2 |  2.7

Action                   |  1- 3 |  4- 6 |  7- 9 || total
-------------------------+-------+-------+-------++-------
Melee: Long sword        |    76 |   104 |   135 ||   315
       Headbutt          |     9 |    16 |    26 ||    51
  Use: Scroll            |     3 |       |     4 ||     7
       Potion            |     1 |     3 |     4 ||     8
Armor: Scale mail        |    36 |    56 |    53 ||   145
Dodge: Dodged            |    28 |    51 |    56 ||   135
Block: Buckler           |    16 |    22 |    35 ||    73

Table legend: (Time is in decaauts)
 A = Elapsed time spent in this place.
 B = Non-inter-level travel time spent in this place.
 C = Inter-level travel time spent in this place.
 D = Time resting spent in this place.
 E = Time spent auto-exploring this place.
 F = Levels seen in this place.
 G = Mean time per level.
                   A        B        C        D        E       F      G
               +--------+--------+--------+--------+--------+-----+--------+
         Total |   5748 |   5562 |    186 |   1845 |   2936 |   5 | 1149.6 |
       Dungeon |   5748 |   5562 |    186 |   1845 |   2936 |   5 | 1149.6 |
               +--------+--------+--------+--------+--------+-----+--------+

Top non-repeatable levels by time:
     D:4: 2261 daAuts
     D:5: 1786 daAuts
     D:1: 996 daAuts
     D:6: 527 daAuts
     D:2: 176 daAuts
